Map: Dusk Towers

Players

energienoire

  • Race: Protoss Protoss

capac - Winner!

  • Race: Terran Terran
  • League: Gold

VOD

Have the link to the VOD?

Description

Time

  • Played on: April 26, 2016, 5:35 p.m.
  • Length: 17:14
Show
View Real Time Build Order
Export as new Build Order

energienoire Protoss 

Build Orders:  

Get SALT Encoding   

  12  0:02  Probe (Chrono Boost)  
  13  0:17  Pylon  
  13  0:19  Probe (Chrono Boost)  
  14  0:30  Probe (Chrono Boost)  
  15  0:40  Probe (Chrono Boost)  
  16  0:51  Probe (Chrono Boost)  
  17  1:01  Probe (Chrono Boost)  
  18  1:06  Nexus  
  18  1:12  Probe (Chrono Boost)  
  18  1:15  Assimilator  
  19  1:27  Gateway  
  19  1:31  Probe (Chrono Boost)  
  20  1:42  Probe (Chrono Boost)  
  21  1:52  Probe (Chrono Boost)  
  22  2:01  Pylon  
  22  2:03  Probe (Chrono Boost)  
  22  2:08  Assimilator  
  22  2:16  Cybernetics Core  
  22  2:22  Zealot, Forge  
  24  2:28  Pylon  
  24  2:35  Probe (Chrono Boost)  
  25  2:39  Probe (Chrono Boost)  
  26  2:50  Probe (Chrono Boost)  
  27  2:54  Gateway  
  27  2:56  Stalker  
  29  3:03  Mothership Core (Chrono Boost)  
  31  3:10  Pylon  
  31  3:21  Probe (Chrono Boost)  
  31  3:26  Stalker  
  34  3:31  Probe (Chrono Boost)  
  32  3:42  Probe (Chrono Boost)  
  33  3:52  Probe (Chrono Boost)  
  33  4:01  Pylon  
  33  4:03  Probe x2 (Chrono Boost)  
  33  4:07  Stalker x2  
  39  4:14  Probe (Chrono Boost)  
  40  4:20  Assimilator  
  41  4:24  Probe (Chrono Boost), Assimilator  
  41  4:25  Probe (Chrono Boost)  
  42  4:35  Probe x2 (Chrono Boost)  
  42  4:38  Twilight Council  
  44  4:42  Gateway  
  44  4:45  Probe (Chrono Boost)  
  45  4:46  Probe (Chrono Boost), Pylon  
  46  5:02  Robotics Facility  
  46  5:06  Stalker  
  48  5:08  Stalker  
  50  5:16  Probe (Chrono Boost)  
  51  5:21  Probe (Chrono Boost)  
  51  5:26  Probe (Chrono Boost)  
  53  5:30  Photon Cannon  
  53  5:32  Probe (Chrono Boost)  
  54  5:36  Stalker x2  
  54  5:37  Probe (Chrono Boost)  
  54  5:41  Blink  
  60  5:42  Probe (Chrono Boost)  
  60  5:48  Probe (Chrono Boost)  
  61  5:53  Probe (Chrono Boost)  
  62  5:58  Probe (Chrono Boost), Observer  
  62  6:01  Stalker  
  62  6:03  Probe (Chrono Boost)  
  67  6:06  Stalker  
  67  6:09  Stalker  
  52  6:31  Probe (Chrono Boost)  
  53  6:35  Probe (Chrono Boost)  
  53  6:37  Stalker x2  
  58  6:42  Probe (Chrono Boost)  
  58  6:45  Probe (Chrono Boost)  
  60  6:53  Probe (Chrono Boost)  
  61  7:02  Stalker  
  61  7:03  Probe (Chrono Boost)  
  61  7:05  Observer  
  61  7:07  Stalker x2  
  69  7:14  Probe (Chrono Boost)  
  70  7:36  Pylon  
  70  7:42  Pylon  
  70  7:54  Probe (Chrono Boost)  
  71  8:05  Probe (Chrono Boost)  
  72  8:15  Probe (Chrono Boost)  
  47  8:50  Stalker x3  
  53  9:05  Robotics Facility  
  53  9:12  Robotics Bay  
  53  9:16  Pylon  
  53  9:20  Sentry, Stalker x2  
  59  9:46  Stalker  
  59  9:50  Adept x2  
  65  9:52  Protoss Shields Level 1  
  65  10:01  Colossus x2  
  65  10:03  Extended Thermal Lance  
  77  10:16  Sentry  
  77  10:17  Stalker x2  
  77  10:19  Dark Shrine  
  83  10:37  Nexus  
  83  10:46  Nexus  
  83  10:58  Zealot x3  
  89  11:12  Colossus  
  94  11:40  Pylon  
  94  11:42  Pylon  
  94  11:48  Dark Templar x3  
  94  11:49  Probe (Chrono Boost)  
  94  11:50  Pylon  
  101  11:59  Probe x2 (Chrono Boost)  
  103  12:05  Colossus  
  109  12:09  Probe (Chrono Boost)  
  109  12:10  Probe (Chrono Boost)  
  111  12:20  Probe (Chrono Boost)  
  112  12:24  Observer  
  112  12:28  Dark Templar x2  
  117  12:35  Probe (Chrono Boost)  
  118  12:38  Probe (Chrono Boost)  
  118  12:45  Observer  
  118  12:46  Probe (Chrono Boost)  
  118  12:49  Probe (Chrono Boost)  
  118  12:50  Stalker  
  123  12:56  Probe (Chrono Boost)  
  124  12:59  Probe (Chrono Boost)  
  125  13:06  Stalker x2  
  125  13:07  Probe (Chrono Boost)  
  125  13:11  Probe (Chrono Boost), Assimilator  
  131  13:17  Probe (Chrono Boost)  
  132  13:20  Stalker  
  132  13:21  Probe (Chrono Boost)  
  132  13:25  Assimilator  
  135  13:31  Assimilator  
  135  13:32  Probe (Chrono Boost)  
  136  13:36  Probe (Chrono Boost)  
  137  13:42  Assimilator  
  137  13:43  Probe (Chrono Boost)  
  137  13:47  Probe (Chrono Boost)  
  139  13:50  Stargate  
  139  13:53  Probe (Chrono Boost)  
  139  13:54  Pylon  
  140  13:59  Pylon  
  140  14:07  Pylon  
  60  14:43  Colossus  
  66  15:09  Pylon  
  66  15:12  Pylon  
  66  15:15  Pylon  
  59  15:26  Pylon  
  55  15:29  Pylon  
  55  15:32  Pylon  
  55  15:37  Gateway  
  55  15:41  Dark Shrine  
  47  15:47  Gateway  
  27  15:50  Forge  
  27  15:51  Probe (Chrono Boost)  
  27  15:54  Probe (Chrono Boost)  
  29  16:02  Probe (Chrono Boost)  
  30  16:05  Probe (Chrono Boost)  
  30  16:07  Pylon  
  31  16:12  Probe (Chrono Boost)  
  31  16:13  Pylon  
  31  16:15  Probe (Chrono Boost)  
  31  16:17  Pylon  
  33  16:19  Pylon  
  33  16:23  Probe (Chrono Boost)  
  34  16:26  Probe (Chrono Boost)  
  34  16:30  Photon Cannon  
  34  16:31  Photon Cannon  
  35  16:34  Photon Cannon  
  35  16:36  Probe (Chrono Boost)  
  35  16:37  Zealot x2  
  40  16:48  Cybernetics Core  
  40  16:53  Photon Cannon  
  40  16:55  Photon Cannon  
Show
View Real Time Build Order
Export as new Build Order

capac Terran - Winner!

Build Orders: Reaper Expand 

Get SALT Encoding   

  12  0:01  SCV  
  13  0:13  SCV  
  14  0:18  Supply Depot  
  14  0:25  SCV  
  15  0:40  Barracks, SCV  
  16  0:44  Refinery  
  16  0:52  SCV  
  17  1:04  SCV  
  18  1:16  SCV  
  19  1:28  Orbital Command  
  19  1:30  Reaper  
  20  1:42  Command Center  
  20  1:54  Supply Depot  
  20  1:55  SCV  
  21  2:13  SCV  
  22  2:15  Marine  
  23  2:25  SCV  
  24  2:34  Factory  
  24  2:35  Refinery  
  24  2:38  Barracks Reactor  
  24  2:40  Barracks  
  24  2:41  Barracks  
  24  2:53  Engineering Bay  
  24  2:56  Orbital Command  
  24  2:59  SCV  
  25  3:12  SCV  
  26  3:16  Marine  
  26  3:17  Marine  
  28  3:24  SCV  
  31  3:37  Marine x2  
  31  3:41  Barracks Reactor x2  
  31  3:44  Supply Depot, Starport  
  31  3:53  SCV x2  
  32  4:00  Factory Tech Lab  
  32  4:03  Missile Turret  
  32  4:05  SCV x2  
  34  4:11  Refinery  
  34  4:17  Marine x2  
  34  4:18  Marine  
  37  4:28  Siege Tank  
  37  4:30  SCV x2  
  42  4:39  Barracks Tech Lab  
  42  4:40  Marine x2  
  42  4:41  Marine x2  
  42  4:43  Medivac x2  
  50  4:49  Supply Depot  
  50  4:53  SCV x2  
  50  4:56  Missile Turret  
  52  5:00  Missile Turret  
  52  5:05  Marine x2  
  54  5:07  Stimpack  
  54  5:10  Marine x2, SCV x2  
  58  5:14  Supply Depot  
  58  5:30  Command Center  
  58  5:33  SCV  
  58  5:34  SCV  
  60  5:38  Marine x5  
  65  5:43  Supply Depot  
  65  5:45  Medivac  
  65  5:48  Siege Tank  
  70  6:05  Medivac  
  71  6:27  Marine x4  
  71  6:28  Marine  
  75  6:36  Supply Depot  
  75  6:45  Marine x3  
  78  6:51  Barracks  
  78  6:52  Barracks  
  78  6:53  Barracks  
  78  7:01  Siege Tank  
  81  7:13  Missile Turret  
  81  7:14  Marine x4  
  85  7:18  SCV x2  
  87  7:23  Refinery  
  87  7:25  Orbital Command  
  87  7:33  Marine x5  
  87  7:36  Supply Depot  
  87  7:37  Siege Tank  
  95  7:38  SCV x2  
  97  7:50  SCV x2  
  99  7:54  SCV  
  99  7:57  Marine x4  
  104  8:03  Barracks Reactor  
  104  8:05  Barracks Reactor  
  104  8:06  Barracks Reactor  
  104  8:08  Liberator x2  
  104  8:09  Siege Tank  
  107  8:16  Supply Depot  
  107  8:21  Supply Depot, SCV x2  
  107  8:26  SCV  
  112  8:41  Siege Tank  
  108  8:48  SCV x3  
  110  8:49  Marine x6  
  110  8:50  Marine x4  
  110  8:51  Marine  
  122  9:06  Starport, Marine  
  122  9:07  Marine x6  
  122  9:08  Marine x3  
  122  9:09  Marauder  
  134  9:12  Terran Infantry Weapons Level 1  
  134  9:14  Supply Depot  
  134  9:15  Engineering Bay  
  134  9:16  Siege Tank  
  137  9:17  Armory  
  137  9:18  Medivac  
  137  9:19  Medivac  
  141  9:36  Marine x2, SCV x3  
  146  9:41  Refinery  
  146  9:42  Marine x2  
  146  9:43  Marine  
  149  9:54  Supply Depot  
  149  9:56  Supply Depot, Terran Infantry Armor Level 1  
  149  10:00  Marine x4, SCV x3  
  156  10:07  Supply Depot  
  156  10:09  Liberator  
  156  10:10  Liberator  
  156  10:13  SCV x3  
  159  10:22  Siege Tank  
  168  10:30  Starport Reactor  
  168  10:33  Starport  
  168  11:22  SCV x3  
  171  11:26  Terran Infantry Weapons Level 2  
  171  11:27  Terran Ship Weapons Level 1  
  171  11:39  Fusion Core  
  171  11:44  SCV  
  171  11:45  Missile Turret, SCV  
  173  11:47  Refinery  
  173  11:48  Liberator x4  
  173  11:51  Command Center  
  173  11:52  Command Center  
  185  12:17  Supply Depot  
  185  12:49  Missile Turret  
  185  12:51  Advanced Ballistics  
  185  12:56  Combat Shields  
  185  12:58  Liberator x2  
  185  12:59  Liberator x2  
  185  13:00  Terran Infantry Armor Level 2  
  197  13:34  Missile Turret  
  197  13:47  Terran Ship Weapons Level 2, Terran Infantry Weapons Level 3  
  186  16:47  Missile Turret  
  186  16:50  Refinery  
  186  16:53  Refinery  
Tags
 
Add a new tag
Caveats
  • Supply blocks, unpowered buildings, or Contaminate may cause inaccurate times.
  • Supply counts are checked every 10 seconds.